 Dungeon Crawl Stone Soup version 0.20-a0-433-g9e36e56 (webtiles) character file.

140961 kuniqs the Fencer (level 17, -5/97 HPs)
             Began as a Vine Stalker Artificer on Jan 4, 2017.
             Was a Priest of Elyvilon.
             Slain by a faun
             ... wielding a +0 spear of freezing
             ... led by a satyr
              (16 damage)
             ... on level 3 of the Shoals.
             The game lasted 01:37:51 (28405 turns).

kuniqs the Fencer (Vine Stalker Artificer)         Turns: 28405, Time: 01:37:52

Health: -5/97      AC: 17    Str: 18    XL:     17   Next: 32%
Magic:  0/24       EV: 21    Int: 14    God:    Elyvilon [***...]
Gold:   2200       SH:  9    Dex: 22    Spells: 13/16 levels left

rFire  + . .     SeeInvis +     c - +9 double sword (flame)
rCold  . . .     Gourm    .     q - +0 troll leather armour
rNeg   . . .     Faith    .     n - +0 buckler
rPois  .         Spirit   +     k - +2 helmet {Int+3}
rElec  .         Reflect  +     N - +2 cloak
rCorr  .         Harm     .     O - +2 pair of gloves {Dex+3}
MR     ++...                    o - +0 pair of boots
Stlth  ++++......               u - +3 amulet of reflection
                                F - ring of see invisible
                                M - ring of protection from fire

@: mesmerised
A: fangs 3, regeneration 2, magic shield, antimagic bite, no potion heal 3, rot
immunity
a: Lesser Healing, Heal Other, Purification, Divine Protection, Renounce
Religion


You were on level 3 of the Shoals.
You worshipped Elyvilon.
Elyvilon was most pleased with you.
You were near starving.

You visited 6 branches of the dungeon, and saw 29 of its levels.
You also visited: Trove and Ice Cave.

You collected 3585 gold pieces.
You spent 1385 gold pieces at shops.

Inventory:

Hand Weapons
 c - a +9 double sword of flaming (weapon)
 i - the +2 scimitar of the Modern Scars {protect, +Blink rF+}
   (You found it in a treasure trove)

   It protects the one who uses it against injury (+AC on strike).
   It protects you from fire.
   It lets you blink.
Missiles
 J - 6 throwing nets (quivered)
Armour
 b - a +0 shield of reflection
 k - a +2 helmet of intelligence (worn)
 n - a +0 buckler (worn)
 o - a +0 pair of boots (worn)
 q - a +0 troll leather armour (worn)
 y - a +0 pair of gloves
 D - the +2 robe "Zaovox" {+Blink rElec rPois rF-}
   (You found it on level 14 of the Dungeon)

   It makes you vulnerable to fire.
   It insulates you from electricity.
   It protects you from poison.
   It lets you blink.
 N - a +2 cloak (worn)
 O - a +2 pair of gloves of dexterity (worn)
Jewellery
 u - a +3 amulet of reflection (around neck)
 E - an uncursed ring of protection from cold
 F - a ring of see invisible (right hand)
 G - an uncursed amulet of rage
 H - an uncursed ring of poison resistance
 M - a ring of protection from fire (left hand)
 X - an uncursed ring of resist corrosion
Wands
 m - a wand of flame (2/48)
 t - a wand of iceblast (5/15)
 C - a wand of paralysis (8/24)
 I - a wand of lightning (8/15)
 K - a wand of lightning (10/15)
 L - a wand of paralysis (8/24)
 S - a wand of digging (14/24)
 T - a wand of digging (11/24)
 W - a wand of acid (7/15)
Scrolls
 h - 6 scrolls of remove curse {@r2}
 l - 3 scrolls of recharging
 p - 2 scrolls of fog
 r - a scroll of brand weapon
 s - 2 scrolls of magic mapping
 w - 3 scrolls of immolation
 z - 3 scrolls of fear
 Q - 3 scrolls of blinking
Potions
 g - 4 potions of berserk rage
 v - a potion of cancellation
 x - 2 potions of cure mutation
 B - 2 potions of might
 P - 7 potions of agility
 R - a potion of haste
 U - 2 potions of flight
 Z - 10 potions of curing {@q1}
Miscellaneous
 A - a sack of spiders
Comestibles
 a - a chunk of flesh
 d - 19 bread rations
 e - 4 meat rations
 f - 4 fruits
 j - 21 beef jerkies


   Skills:
 - Level 14.0 Fighting
   Level 0.8(10.2) Short Blades
 + Level 15.2 Long Blades
 + Level 10.4 Armour
 - Level 10.3 Dodging
 - Level 8.3 Stealth
 - Level 4.0 Shields
 - Level 9.1 Invocations
 - Level 2.6 Evocations


You had 13 spell levels left.
You knew the following spells:

 Your Spells              Type           Power        Failure   Level  Hunger
a - Apportation           Tloc           #.........   34%         1    ##.....
x - Song of Slaying       Chrm           #.......     52%         2    ###....


Dungeon Overview and Level Annotations

Branches:
Dungeon (15/15)            Temple (1/1) D:4            Lair (6/6) D:10
 Shoals (3/4) Lair:3       Spider (2/4) Lair:2        Slime (0/5) Lair:5
    Orc (2/2) D:11            Elf (0/3) Orc:2        Vaults (0/5) D:13
 Depths (0/5) D:15

Altars:
Ashenzari
Cheibriados
Dithmenos
Elyvilon
Fedhas
Gozag
Hepliaklqana
Kikubaaqudgha
Makhleb
Nemelex Xobeh
Okawaru
Qazlal
Ru
Sif Muna
Trog
Uskayaw
Vehumet
Xom
Yredelemnul
Zin
The Shining One

Shops:
D:6 *   D:15 }   Orc:2 *:[*(

Annotations:
D:1 exclusion: downstairs
D:4 exclusions: 3 doors and 1 more exclusion
D:8 1 exclusion
D:12 exclusions: cyclops and upstairs
Lair:4 exclusion: downstairs
Lair:5 exclusion: 3 oklob plants
Lair:6 2 runed doors
Spider:1 exclusion: downstairs


Innate Abilities, Weirdness & Mutations

You have razor-sharp teeth.
You heal very quickly.
When hurt, damage is shared between your health and your magic reserves.
Your bite disrupts and absorbs the magic of your enemies.
Potions cannot restore your health.
You are immune to rotting.


Message History

You are near starving!
Mmm - a full handful of raspberries!
You are healed.
You feel quite a bit more hungry.
You can no longer provide greater healing for yourself.
The satyr shoots an arrow.
The arrow barely misses you.
The merfolk siren chants its luring song.
The faun hits you from afar with a spear of freezing!
* * * LOW HITPOINT WARNING * * *
The faun freezes you.
* * * LOW HITPOINT WARNING * * *
The merfolk hits you with a trident!
* * * LOW HITPOINT WARNING * * *
Okay, then.
You slash the satyr! You burn the satyr.
You kill the satyr!
The merfolk siren chants its luring song.
You slash the merfolk siren! You burn the merfolk siren.
Your bite misses the merfolk siren.
The faun hits you from afar with a spear of freezing!
You die...

≈....≈≈≈≈≈≈≈...≈≈≈
≈≈...≈≈≈≈.≈≈≈≈≈≈≈≈≈≈≈
≈≈≈≈≈.≈≈..≈≈≈≈≈≈≈≈≈≈≈≈
≈≈≈≈≈.P≈.≈≈≈≈≈≈≈≈≈≈≈≈
≈≈≈≈≈.....≈≈≈≈≈≈≈...
≈≈≈≈PPPP.≈≈≈≈≈≈≈..#
≈≈≈≈.....≈(≈≈≈≈.c#
≈≈PP.....≈≈((.cm)##
≈≈PP..........()@.####
≈≈P≈.P..##..≈..((m...#
≈≈≈P...##....(.#).≈≈..#
.PPPP.....≈...###..≈≈≈#
....≈....≈≈≈..# .≈≈≈(..
..P≈...≈≈≈≈≈.## .≈≈≈≈≈≈
..≈≈≈.≈≈≈..... .≈≈≈.≈≈
.≈≈≈...≈≈...#. ...$..≈
≈≈≈≈...≈≈...##..
..###..


You could see a merfolk, 2 fauns and a merfolk siren.

Vanquished Creatures
  A sphinx (D:11)
  2 krakens
  Donald (Spider:1)
  An entropy weaver (Spider:1)
  A stone giant (Orc:1)
  A spark wasp (Spider:1)
  Azrael (D:12)
  2 fire dragons (D:15)
  Snorg (D:11)
  2 blizzard demons (IceCv)
  4 merfolk javelineers
  A minotaur (Shoals:2)
  3 ettins (Orc:2)
  Josephine (Lair:4)
  2 yaktaur captains
  A merfolk impaler (Shoals:1)
  The ghost of Gorice the Fighter, a journeyman DsAM of Okawaru (Lair:1)
  Harold (Lair:4)
  5 hydras
  A merfolk avatar (Shoals:2)
  A catoblepas (D:13)
  6 two-headed ogres
  An ogre mage (D:11)
  2 satyrs
  A merfolk aquamancer (Shoals:3)
  4 centaur warriors
  The ghost of TenguReborn the Destroyer, a journeyman TeVM of Sif Muna (D:11)
  Urug (D:11)
  Nergalle (D:10)
  Sonja (D:11)
  2 fire crabs (Lair:6)
  4 sea snakes
  An unseen horror (D:15)
  An orc knight (D:15)
  4 harpies
  7 wolf spiders
  3 ugly things
  4 orb spiders
  14 cyclopes
  3 orc sorcerers
  8 manticores
  12 fauns
  A moth of wrath (Spider:2)
  3 centaur zombies
  2 water nymphs
  4 merfolk sirens
  14 black mambas
  Psyche (D:8)
  10 elephants
  An ice statue (IceCv)
  A gargoyle (D:11)
  8 spiny frogs
  5 molten gargoyles
  2 rime drakes (Lair:4)
  A komodo dragon (shapeshifter) (D:14)
  2 yaktaurs (D:13)
  3 golden dragon simulacra (IceCv)
  6 demonic crawlers (Spider:1)
  2 anaconda simulacra (IceCv)
  13 komodo dragons
  3 freezing wraiths (IceCv)
  6 ice devils (IceCv)
  3 meliai (Shoals:2)
  11 merfolk
  12 jumping spiders
  A wind drake (Shoals:2)
  7 trolls
  Grinder (D:5)
  3 polar bears
  5 snapping turtles
  6 dream sheep
  9 hippogriffs
  12 blink frogs
  10 slime creatures
  21 redbacks
  6 dire elephant simulacra (IceCv)
  10 tarantellas
  10 wyverns
  5 wraiths
  4 water elementals
  4 fire elementals (D:12)
  26 yaks
  3 hungry ghosts
  2 steam dragons
  6 vampire mosquitoes
  7 basilisks
  Menkaure (D:6)
  A soldier ant (shapeshifter) (D:15)
  4 wargs
  2 iron troll simulacra (IceCv)
  3 harpy simulacra (IceCv)
  A soldier ant (D:15)
  3 hydra simulacra (IceCv)
  7 water moccasins
  An acid dragon (Lair:4)
  6 hell hounds
  A hornet zombie (D:13)
  7 porcupines
  A swamp drake (Lair:4)
  2 ice beasts
  2 black bears
  12 orc warriors
  3 eyes of draining
  4 phantoms
  4 sky beasts
  7 centaurs
  18 ogres
  15 crocodiles
  2 big kobolds
  A gnoll sergeant (D:10)
  23 bullfrogs
  A wyvern skeleton (D:14)
  5 scorpions
  24 killer bees
  5 electric eels
  2 howler monkeys
  10 crimson imps
  10 lava snakes
  A bullfrog zombie (D:12)
  8 hounds
  A quasit (D:10)
  4 draconian simulacra (IceCv)
  3 jellies
  A gnoll shaman (D:8)
  10 orc priests
  6 bullfrog skeletons
  5 centaur skeletons
  3 iguanas
  19 orc wizards
  Ijyb (D:2)
  11 worker ants
  Terence (D:2)
  2 spriggan simulacra (IceCv)
  4 troll simulacra (IceCv)
  A polar bear simulacrum (IceCv)
  2 centaur simulacra (IceCv)
  A hound skeleton (D:7)
  Robin (D:1)
  12 adders
  8 gnolls
  2 ogre simulacra (IceCv)
  5 shadow imps
  6 white imps (IceCv)
  6 ufetubi (IceCv)
  2 oozes
  2 worms
  2 dart slugs
  6 leopard geckos
  53 orcs
  2 ball pythons
  5 bats
  4 giant cockroaches
  11 goblins
  11 hobgoblins
  27 jackals
  21 kobolds
  5 quokkas
  9 frilled lizards
  3 rats
  8 tentacles
870 creatures vanquished.

Vanquished Creatures (collateral kills)
  A centaur (D:8)
  An iguana (D:8)
  A hobgoblin (D:2)
3 creatures vanquished.

Vanquished Creatures (others)
  A satyr (Shoals:2)
  A kobold demonologist (D:11)
  A jumping spider (Spider:1)
  A hell hound (Lair:6)
  2 big kobolds (D:11)
  An orc (D:15)
  2 kobolds (D:11)
  2 bushes (D:11)
  6 fungi
  11 plants
  31 tentacles
59 creatures vanquished.

Grand Total: 932 creatures vanquished

Notes
Turn   | Place    | Note
-------+----------+-------------------------------------------
     0 | D:1      | kuniqs the Vine Stalker Artificer began the quest for the Orb.
     0 | D:1      | Reached XP level 1. HP: 9/9 MP: 3/3
    73 | D:1      | Reached skill level 1 in Fighting
   221 | D:1      | Reached XP level 2. HP: 14/14 MP: 5/5
   619 | D:1      | Reached XP level 3. HP: 15/18 MP: 6/6
  1058 | D:2      | Noticed Terence
  1081 | D:2      | Noticed Ijyb
  1105 | D:2      | Killed Ijyb
  1117 | D:2      | Killed Terence
  1117 | D:2      | Gained mutation: Your natural rate of healing is unusually fast. [Vine Stalker growth]
  1117 | D:2      | Reached XP level 4. HP: 23/23 MP: 7/7
  1118 | D:2      | YEY
  1188 | D:2      | Noticed Robin
  1232 | D:1      | Killed Robin
  1400 | D:2      | Found a blossoming altar of Fedhas.
  1401 | D:2      | Found a glowing golden altar of the Shining One.
  1508 | D:2      | Reached XP level 5. HP: 28/28 MP: 8/8
  1873 | D:4      | Noticed an ogre
  1874 | D:4      | Noticed a fire bat
  1874 | D:4      | an ogre changed into a fire bat
  2258 | D:3      | Found a stormy altar of Qazlal.
  2508 | D:4      | Found a white marble altar of Elyvilon.
  2531 | D:4      | Noticed a centaur
  2550 | D:4      | Became a worshipper of Elyvilon the Healer
  2581 | D:4      | Reached XP level 6. HP: 24/33 MP: 4/9
  2713 | D:5      | Entered Level 5 of the Dungeon
  2879 | D:4      | Found a staircase to the Ecumenical Temple.
  2887 | Temple   | Entered the Ecumenical Temple
  3060 | D:4      | Reached * piety under Elyvilon
  3128 | D:4      | Reached skill level 1 in Shields
  3219 | D:4      | Reached XP level 7. HP: 38/38 MP: 10/10
  3734 | D:5      | Reached ** piety under Elyvilon
  3933 | D:4      | Reached skill level 5 in Fighting
  3944 | D:4      | Found an iron altar of Okawaru.
  4012 | D:5      | Noticed Grinder
  4051 | D:5      | Killed Grinder
  4051 | D:5      | Reached skill level 5 in Dodging
  4051 | D:5      | Gained mutation: You have razor-sharp teeth. [Vine Stalker growth]
  4051 | D:5      | Reached XP level 8. HP: 35/43 MP: 9/11
  4273 | D:6      | Noticed Menkaure
  4282 | D:6      | Killed Menkaure
  4646 | D:6      | Found Gaonn's Assorted Antiques.
  4649 | D:6      | Bought a scroll labeled XUMU YCOKEROCHU for 27 gold pieces
  4649 | D:6      | Bought a blue potion for 24 gold pieces
  5303 | D:7      | Reached *** piety under Elyvilon
  5521 | D:7      | Reached XP level 9. HP: 48/48 MP: 12/12
  5734 | D:7      | Reached skill level 1 in Invocations
  6103 | D:7      | Reached skill level 5 in Stealth
  6262 | D:8      | Noticed Psyche
  6272 | D:8      | Found a hide-covered altar of Uskayaw.
  6282 | D:8      | Killed Psyche
  6285 | D:8      | JESUS
  6446 | D:8      | Found a glowing silver altar of Zin.
  6685 | D:8      | Reached **** piety under Elyvilon
  7098 | D:9      | Reached skill level 5 in Invocations
  7111 | D:9      | Reached XP level 10. HP: 4/53 MP: 2/15
  7419 | D:9      | Reached skill level 1 in Long Blades
  7662 | D:9      | Reached skill level 2 in Long Blades
  7946 | D:9      | Reached ***** piety under Elyvilon
  8135 | D:9      | Found a blossoming altar of Fedhas.
  8239 | D:10     | Entered Level 10 of the Dungeon
  8247 | D:10     | Reached skill level 3 in Long Blades
  8379 | D:10     | Noticed a two-headed ogre
  8460 | D:9      | Killed a two-headed ogre
  8460 | D:9      | Reached skill level 4 in Long Blades
  8853 | D:10     | Noticed Nergalle
  8881 | D:10     | Killed Nergalle
  8881 | D:10     | Reached skill level 5 in Long Blades
  9120 | D:11     | Reached XP level 11. HP: 48/56 MP: 14/18
  9271 | D:10     | Found a staircase to the Lair.
  9473 | D:11     | Found a glowing golden altar of the Shining One.
  9562 | D:11     | Reached skill level 6 in Long Blades
  9673 | D:11     | Noticed Snorg
  9713 | D:11     | Killed Snorg
  9733 | D:11     | Noticed TenguReborn's ghost (journeyman TeVM)
  9767 | D:11     | Noticed Sonja
  9769 | D:11     | Killed Sonja
  9946 | D:11     | Noticed an ogre mage
  9984 | D:11     | Killed an ogre mage
  9986 | D:11     | Noticed a yaktaur captain
 10018 | D:11     | Noticed a sphinx
 10153 | Lair:1   | Entered Level 1 of the Lair of Beasts
 10154 | Lair:1   | Noticed a seven-headed hydra
 10249 | D:10     | Pacified a seven-headed hydra
 10249 | D:10     | Reached skill level 7 in Long Blades
 10262 | Lair:1   | Noticed Gorice's ghost (journeyman DsAM)
 10294 | Lair:1   | Killed Gorice's ghost
 10745 | Lair:1   | Gained mutation: You heal very quickly. [Vine Stalker growth]
 10745 | Lair:1   | Reached XP level 12. HP: 44/63 MP: 16/19
 10792 | Lair:1   | Reached skill level 8 in Long Blades
 11224 | Lair:2   | Found a hole to the Spider Nest.
 11459 | Lair:2   | Reached ****** piety under Elyvilon
 12747 | D:6      | Bought a runed long sword for 256 gold pieces
 12927 | Spider:1 | Entered Level 1 of the Spider Nest
 13065 | Lair:3   | Reached skill level 9 in Long Blades
 13333 | Lair:3   | Found a staircase to the Shoals.
 13734 | Lair:3   | Reached XP level 13. HP: 70/70 MP: 20/20
 13898 | Lair:4   | Noticed Josephine
 13917 | Lair:4   | Killed Josephine
 13958 | Lair:4   | Learned a level 2 spell: Song of Slaying
 13981 | Lair:4   | HP: 2/71 [steam dragon (5)]
 14084 | Lair:4   | Noticed Harold
 14190 | Lair:4   | Reached skill level 10 in Long Blades
 14393 | Lair:4   | Got a scorched dagger
 14394 | Lair:4   | Identified the +11 dagger "Onylar" {pierce, Int+2} (You found it on level 4 of the Lair of Beasts)
 14402 | Lair:5   | Found a staircase to the Slime Pits.
 14718 | Lair:4   | Reached skill level 10 in Fighting
 15194 | Lair:6   | Entered Level 6 of the Lair of Beasts
 15812 | Lair:6   | Reached skill level 10 in Dodging
 16213 | Lair:6   | Reached skill level 11 in Long Blades
 16404 | Lair:6   | Reached XP level 14. HP: 69/77 MP: 17/21
 16759 | Lair:6   | Reached skill level 1 in Armour
 16862 | Lair:6   | Found a large runed door.
 16961 | Lair:6   | Found a large runed door.
 17698 | D:11     | Killed TenguReborn's ghost
 17898 | D:11     | Noticed Urug
 17916 | D:11     | Killed Urug
 18034 | D:11     | Learned a level 1 spell: Apportation
 18335 | D:11     | Found a staircase to the Orcish Mines.
 18528 | D:12     | Found a portal to a secret trove of treasure.
 18549 | Trove    | Entered a treasure trove
 18563 | Trove    | Got a polished scimitar
 18583 | D:12     | Identified the +2 scimitar of the Modern Scars {protect, +Blink rF+} (You found it in a treasure trove)
 19136 | D:12     | Noticed Azrael
 19178 | D:12     | Killed Azrael
 19986 | D:13     | Reached skill level 12 in Long Blades
 20136 | D:13     | Found a gate to the Vaults.
 20755 | D:14     | Reached skill level 5 in Armour
 20765 | D:15     | Entered Level 15 of the Dungeon
 20825 | D:14     | Reached XP level 15. HP: 77/84 MP: 22/22
 21066 | D:14     | Identified a scroll of acquirement
 21069 | D:14     | Got a pitted helmet
 21080 | D:14     | Identified the +0 helmet of Ofoituaq {-Cast rN+++ Str+2 Slay-6} (You acquired it on level 14 of the Dungeon)
 21080 | D:14     | OMG
 21117 | D:14     | Got a tattered robe
 21120 | D:14     | Identified the +2 robe "Zaovox" {+Blink rElec rPois rF-} (You found it on level 14 of the Dungeon)
 21379 | D:15     | Found Syqydghu's Gadget Shop.
 21973 | D:15     | Found a staircase to the Depths.
 22174 | D:11     | Killed a sphinx
 22368 | Orc:1    | Entered Level 1 of the Orcish Mines
 22532 | Orc:2    | Entered Level 2 of the Orcish Mines
 22639 | Orc:2    | Reached skill level 13 in Long Blades
 22912 | Orc:2    | Found Dif Bol's Book Boutique.
 23033 | Orc:2    | Found Huilat's Antique Armour Shop.
 23200 | Orc:2    | Found Onelenid's General Store.
 23263 | Orc:2    | Found a staircase to the Elven Halls.
 23292 | Orc:2    | Found Obruney's Antique Weapon Boutique.
 23461 | Orc:2    | Found Saohi's Assorted Antiques.
 23699 | Orc:2    | Bought a glowing helmet for 294 gold pieces
 23699 | Orc:2    | Bought a bloodstained plate armour for 784 gold pieces
 23721 | Orc:2    | Identified the cursed +0 plate armour of Spring Thaw {rPois rCorr Str-2 SInv} (You bought it in a shop on level 2 of the Orcish Mines)
 24174 | Lair:4   | Killed Harold
 24507 | Spider:1 | Reached XP level 16. HP: 87/91 MP: 21/23
 24977 | Spider:2 | Noticed Donald
 25373 | Spider:1 | Killed Donald
 25880 | Shoals:1 | Entered Level 1 of the Shoals
 25952 | Shoals:1 | Found a frozen archway.
 25964 | IceCv    | Entered an ice cave
 26179 | IceCv    | Reached skill level 14 in Long Blades
 27386 | Shoals:2 | Found a hide-covered altar of Uskayaw.
 27577 | Shoals:2 | Reached XP level 17. HP: 97/97 MP: 24/24
 27720 | Shoals:2 | Reached skill level 10 in Armour
 27934 | Shoals:2 | Noticed a kraken
 27978 | Shoals:2 | Killed a kraken
 28149 | Shoals:3 | Noticed a kraken
 28205 | Shoals:3 | Killed a kraken
 28205 | Shoals:3 | Reached skill level 15 in Long Blades
 28405 | Shoals:3 | Slain by a faun

Vault maps used:
D:1:      arrival_zaba_pyramid
D:2:      gammafunk_temple_overflow_pools, uniq_robin, uniq_terence, uniq_iyjb
D:3:      first_bread, grunt_qazlal_sundering
D:4:      lemuel_upstairs_altar, elyvilon_altar_3, uniq_crazy_yiuf_cottage
D:5:      serial_park_tiny_pond, minmay_misc_feat_cross, uniq_grinder
D:6:      serial_shops, kennysheep_mini, uniq_menkaure
D:7:      serial_co_window_serial, co_window_paths_b, co_window_corner_a,
          co_window_corner_a, co_window_corner_a, co_window_of_opportunity_a,
          co_window_broadway_a, co_window_cross_2, co_window_of_opportunity_b,
          co_window_unsneaky_path_b, co_window_paths_c, co_window_corner_b,
          co_window_broadway_c, co_window_paths_d, co_window_4corner_b,
          glass_columns_a, glass_columns_a, glass_columns_b, grunt_ogre_cave
D:8:      zin_treasury, basic_altar, uniq_psyche
D:9:      fedhas_altar_4
D:10:     david_lair_shrubbed, uniq_nergalle
D:11:     minmay_klotski, david_orc_4, serial_glass, glass_columns_c,
          glass_columns_c, glass_columns_a, glass_columns_b, glass_columns_a,
          nicolae_tso_swordbearing_angel, uniq_sonja, uniq_snorg, uniq_urug
D:12:     trove_entry_hex_spiral, basic_loot_grate_trap, uniq_azrael
D:13:     david_vaults_2
D:14:     corexii_hall_statues_l
D:15:     grunt_enter_depths_hoard, serial_shops, nicolae_shop_crystal,
          glass_columns_b, small_statue_intersection
Temple:   minmay_crystal_spiral_temple
Lair:1:   grunt_megastairs_2
Lair:2:   spider_nest_entry_a
Lair:3:   cheibrodos_magma_flow, minmay_shoals_entry_beasts, lemuel_fruit_fields
Lair:4:   guppyfry_lair_drakes, uniq_josephine, uniq_harold
Lair:5:   minmay_slime_entry_oklob_open
Lair:6:   cheibrodos_lair_end_hotspot, serial_bayou_pond_e,
          nicolae_quartered_pool_little
Shoals:1: portal_ice_cave_entry_pillars_three, nicolae_shoals_so_close
Shoals:2: nicolae_shoals_square_sea_wall, regret_index_shoals_crete
Spider:2: nicolae_spider_cling_ruins, uniq_donald
Orc:2:    grunt_orc_gardens, grunt_orc_garden, grunt_orc_garden,
          grunt_orc_garden, grunt_orc_garden, serial_shops,
          nicolae_shop_temple_entry_statues_fountains
Trove:    trove_weapon_2
IceCv:    ice_cave_caverns_01

Skill      XL: |  1  2  3  4  5  6  7  8  9 10 11 12 13 14 15 16 17 |
---------------+----------------------------------------------------+-----
Fighting       | 1 2 3 4 5 6 7 9 10 12 13 14 | 14.0
Dodging        | 2 3 4 5 6 7 9 10 | 10.3
Shields        | 1 3 4 |  4.0
Stealth        | 3 8 |  8.3
Invocations    | 5 8 9 |  9.1
Long Blades    | 5 7 9 11 12 13 14 15 | 15.2
Armour         | 5 7 9 10 | 10.4
Short Blades   | |  0.8
Evocations     | |  2.6

Action                   |  1- 3 |  4- 6 |  7- 9 | 10-12 | 13-15 | 16-18 || total
-------------------------+-------+-------+-------+-------+-------+-------++-------
Melee: Short sword       |    52 |       |       |       |       |       ||    52
       Bite              |    20 |    53 |   117 |   347 |   567 |   283 ||  1387
       Unarmed           |     8 |       |       |     9 |       |       ||    17
       Dagger            |       |   191 |   349 |   756 |   650 |       ||  1946
       Long sword        |       |       |       |   120 |    80 |       ||   200
       Falchion          |       |       |       |     7 |       |       ||     7
       Scimitar          |       |       |       |       |   314 |       ||   314
       Double sword      |       |       |       |       |   271 |   562 ||   833
Throw: Throwing net      |       |       |       |       |     1 |       ||     1
Invok: Purification      |       |       |       |     1 |     2 |     3 ||     6
       Greater Healing   |       |       |       |    12 |    13 |    14 ||    39
       Lesser Healing    |       |       |       |     2 |     2 |       ||     4
       Heal Other        |       |       |       |     1 |     6 |       ||     7
 Abil: Evoke Berserk Rag |       |       |       |     2 |     5 |     5 ||    12
Evoke: Wand              |     8 |     2 |    19 |    11 |     3 |    19 ||    62
       Sack of spiders   |       |       |       |       |       |     3 ||     3
  Use: Scroll            |       |     5 |     9 |    12 |    22 |     4 ||    52
       Potion            |       |       |       |     8 |     4 |     1 ||    13
 Stab: Sleeping          |     1 |     1 |     1 |    15 |    30 |     5 ||    53
       Distracted        |       |       |       |       |     5 |       ||     5
       Held in net/web   |       |       |       |       |     1 |       ||     1
  Eat: Chunk             |       |     8 |    14 |    20 |    36 |    10 ||    88
       Pizza             |       |       |       |     1 |     2 |       ||     3
       Meat ration       |       |       |       |     1 |     2 |     2 ||     5
       Royal jelly       |       |       |       |     1 |     1 |       ||     2
       Fruit             |       |       |       |       |       |     2 ||     2
Armor: Leather armour    |     4 |       |       |       |       |       ||     4
       Ring mail         |     8 |    56 |    22 |    83 |    69 |       ||   238
       Scale mail        |       |       |    36 |    77 |     9 |       ||   122
       Skin              |       |       |       |    68 |       |       ||    68
       Steam dragon scal |       |       |       |       |    96 |       ||    96
       Troll leather arm |       |       |       |       |    13 |   102 ||   115
       Robe              |       |       |       |       |    10 |    62 ||    72
Dodge: Dodged            |    34 |   110 |   175 |   408 |   841 |   499 ||  2067
Block: Buckler           |       |     1 |   133 |   303 |   327 |   242 ||  1006
       Reflection        |       |       |     3 |     2 |     9 |    22 ||    36
       Shield            |       |       |       |       |       |     1 ||     1
       Rpst.: Long sword |       |       |       |    22 |    22 |       ||    44
       Falchion          |       |       |       |     2 |       |       ||     2
       Scimitar          |       |       |       |       |    61 |       ||    61
       Double sword      |       |       |       |       |    49 |   104 ||   153
